 Dungeon Crawl Stone Soup version 0.31.0-11-ge490571c62 (webtiles) character file.

Game seed: 12161433040555283793

17036132 unrecovered the Shapeless Draconian (level 27, 275/275 HPs)
             Began as a Grey Draconian Shapeshifter on Jan 31, 2024.
             Was the Champion of Qazlal.
             Escaped with the Orb
             ... and 15 runes on Feb 1, 2024!
             The game lasted 05:25:14 (91181 turns).

unrecovered the Shapeless Draconian (DrSh)         Turns: 91181, Time: 05:25:14

Health: 275/275    AC: 17    Str: 26    XL:     27
Magic:  41/43      EV: 65    Int: 10    God:    Qazlal [******]
Gold:   14411      SH: 15    Dex: 23    Spells: 11/26 levels left

rFire   + .          .
                       - Unarmed
rCold   + . .        H - melded +3 warlock's mirror {omnireflect}
rNeg    + . .        (body armour unavailable)
rPois   ∞            D - melded +2 hat {Will+}
rElec   +            f - melded +2 cloak {Will+}
rCorr   .            M - melded +2 pair of gloves {Str+3}
SInv    .            K - melded +2 pair of boots {rampage}
Will    ++...        m - amulet of Felo {Reflect rN+ Dex+4 SH+5}
Stlth   +            J - ring of Xud Uloph {rF+ Dex+3}
HPRegen 0.65/turn    C - ring of the Octopus King {rC+ HP+2 AC+2 EV+2 SH+2}
MPRegen 0.28/turn

%: random rage (3%), repel missiles, reflection
@: storm-form, flying, studying 3 skills
A: cleaving, insubstantial, flying, AC +18, amphibious, unfitting armour,
(cold-blooded), (big wings), (hooves 1), (stinger 1), (camouflage 1), berserk 1,
deterioration 1, high MP 1, inability to drink after injury 1, MP-powered wands
0: Orb of Zot
}: 15/15 runes: barnacled, slimy, silver, golden, iron, obsidian, icy, bone,
abyssal, demonic, glowing, magical, fiery, dark, gossamer
a: Blinkbolt, Begin Untransformation, Renounce Religion, Upheaval, Elemental
Force, Disaster Area


You escaped.
You worshipped Qazlal.
Qazlal was exalted by your worship.
You were a lightning-filled tempest!
You visited 18 branches of the dungeon, and saw 88 of its levels.
You visited Pandemonium 2 times, and saw 24 of its levels.
You visited the Abyss 3 times.
You also visited: Trove, Sewer, Ice Cave and Wizlab.

You collected 19246 gold pieces.
You spent 4835 gold pieces at shops.

Inventory:

Missiles
 O - 3 throwing nets
Armour
 f - a +2 cloak of willpower (melded)
 D - a +2 hat of willpower (melded)
 H - the +3 warlock's mirror (melded) {omnireflect}
   (You found it on level 3 of the Vaults)

   Omnireflect: It can block and reflect piercing ranged attacks and magical
   attacks against the wielder's willpower.
 K - a +2 pair of boots of rampaging (melded)
 L - a +2 kite shield of fire resistance
 M - a +2 pair of gloves of strength (melded)
Jewellery
 b - the ring "Deprad" {Fly rF+ Str+5}
   (You found it in a wizard's laboratory)

   [ring of flight]

   Str+5:     It affects your strength (+5).
   rF+:       It protects you from fire.
   Fly:       It grants you flight.
 h - the ring of Ytast {Fly rPois rC+++ Will+ Stlth-}
   (You found it in a wizard's laboratory)

   [ring of flight]

   rC+++:     It renders you almost immune to cold.
   rPois:     It protects you from poison Will+: It increases your willpower.
   Fly:       It grants you flight.
   Stlth-:    It makes you less stealthy.
 m - the amulet of Felo (around neck) {Reflect rN+ Dex+4 SH+5}
   (You found it on level 3 of the Tomb of the Ancients)

   [amulet of reflection]

   Reflect:   It reflects blocked missile attacks.
   Dex+4:     It affects your dexterity (+4).
   rN+:       It protects you from negative energy.
   SH+5:      It affects your SH (+5).
 o - an amulet of regeneration
 C - a ring of the Octopus King (right fist) {rC+ HP+2 AC+2 EV+2 SH+2}
   (You found it on level 5 of the Vaults)

   [ring of protection from cold]

   AC+2:      It affects your AC (+2).
   EV+2:      It affects your evasion (+2).
   rC+:       It protects you from cold.
   HP+2:      It affects your health (+2).
   SH+2:      It affects your SH (+2).
 J - the ring of Xud Uloph (left fist) {rF+ Dex+3}
   (You took it off a deep elf death mage on level 3 of the Elven Halls)

   [ring of protection from fire]

   Dex+3:     It affects your dexterity (+3).
   rF+:       It protects you from fire.
 Q - the ring "Redi" {Will+ SInv}
   (You took it off a skeletal warrior on level 11 of the Dungeon)

   [ring of see invisible]

   Will+:     It increases your willpower.
   SInv:      It lets you see invisible.
 X - the ring of Saviaroa {rElec rC+ rN+ Dex+3}
   (You bought it in a shop on level 6 of the Dungeon)

   [ring of protection from cold]

   Dex+3:     It affects your dexterity (+3).
   rC+:       It protects you from cold.
   rElec:     It insulates you from electricity.
   rN+:       It protects you from negative energy.
Talismans
 q - the granite talisman "Fyul" {rN+ Will+ Int+2}
   (You found it on level 5 of the Pits of Slime)

   [granite talisman]

   Int+2:     It affects your intelligence (+2).
   rN+:       It protects you from negative energy.
   Will+:     It increases your willpower.
 T - a storm talisman (active)
Wands
 a - a wand of digging (20)
 g - a wand of mindburst (49)
 j - a wand of polymorph (27)
 E - a wand of paralysis (67)
 G - a wand of iceblast (47)
 N - a wand of flame (184)
 V - a wand of quicksilver (42)
Scrolls
 d - 5 scrolls of fear
 e - 2 scrolls of teleportation
 t - 13 scrolls of enchant armour
 v - 5 scrolls of immolation
 x - a scroll of blinking
 A - 48 scrolls of identify
 F - 14 scrolls of vulnerability
 P - 9 scrolls of fog
 Y - a scroll of revelation
Potions
 i - 6 potions of haste
 n - a potion of cancellation
 p - 7 potions of magic
 r - 7 potions of mutation
 s - 7 potions of resistance
 u - 11 potions of lignification
 w - 14 potions of curing
 z - 7 potions of enlightenment
 B - 5 potions of ambrosia
 I - 5 potions of invisibility
 S - a potion of heal wounds
Miscellaneous
 c - a lightning rod (4/4)
 k - a figurine of a ziggurat
 l - a phial of floods
 y - the horn of Geryon
 R - a box of beasts
 U - a phantom mirror


   Skills:
 O Level 27 Fighting
 O Level 27 Dodging
 O Level 27 Shields
 O Level 27 Unarmed Combat
 - Level 15.0 Translocations
 - Level 15.0 Air Magic
 - Level 10.0 Earth Magic
 + Level 24.5 Invocations
 - Level 15.0 Evocations
 O Level 27 Shapeshifting


You had 11 spell levels left.
You knew the following spells:

 Your Spells              Type           Power      Damage    Failure   Level
a - Apportation           Tloc           60%        N/A       1%          1
b - Vhi's Electric Charg  Tloc/Air       60%        N/A       1%          4
c - Manifold Assault      Tloc           30%        N/A       1%          4
d - Passage of Golubria   Tloc           30%        N/A       1%          4
e - Blink                 Tloc           60%        N/A       1%          2

Your spell library contained the following spells:

 Spells                   Type           Power      Damage    Failure   Level
 Sandblast                Erth           40%        2d10      1%          1
 Shock                    Conj/Air       60%        1d6       1%          1
 Lesser Beckoning         Tloc           60%        N/A       1%          2
 Gell's Gravitas          Tloc           30%        N/A       1%          3
 Passwall                 Erth           20%        N/A       1%          3
 Swiftness                Air            30%        N/A       1%          3
 Teleport Other           Tloc           30%        N/A       1%          3
 Airstrike                Air            15%        2d(3-19)  1%          4
 Mercury Vapours          Alch/Air       30%        N/A       2%          2
 Static Discharge         Conj/Air       30%        3-5/arc   2%          2
 Volatile Blastmotes      Fire/Tloc      30%        2d12      5%          3
 Cigotuvi's Dreadful Rot  Necr/Alch/Air  20%        N/A       8%          2
 Dispersal                Tloc           15%        N/A       12%         6
 Mephitic Cloud           Conj/Alch/Air  10%        N/A       14%         3
 Stone Arrow              Conj/Erth      20%        3d8       14%         3
 Dimensional Bullseye     Hex/Tloc       7%         N/A       17%         4
 Iskenderun's Mystic Bla  Conj/Tloc      15%        2d5       17%         4
 Summon Lightning Spire   Summ/Air       15%        N/A       17%         4
 Lee's Rapid Deconstruct  Erth           10%        3d8*      17%         5
 Freeze                   Ice            0%         1d3       36%         1
 Necrotise                Necr           0%         1d4       36%         1
 Sting                    Conj/Alch      0%         1d3       36%         1
 Summon Small Mammal      Summ           0%         N/A       36%         1
 Brom's Barrelling Bould  Conj/Erth      10%        2d3       43%         4
 Leda's Liquefaction      Alch/Erth      5%         N/A       43%         4
 Petrify                  Alch/Erth      10%        N/A       43%         4
 Arcjolt                  Conj/Air       7%         1d17      43%         5
 Silence                  Hex/Air        7%         N/A       43%         5
 Call Imp                 Summ           0%         N/A       50%         2
 Ensorcelled Hibernation  Hex/Ice        0%         N/A       50%         2
 Jinxbite                 Hex            0%         N/A       50%         2
 Scorch                   Fire           0%         2d5       50%         2
 Call Canine Familiar     Summ           0%         N/A       75%         3
 Dazzling Flash           Conj/Hex       0%         N/A       75%         3
 Frozen Ramparts          Ice            0%         1d1       75%         3
 Fugue of the Fallen      Necr           0%         N/A       75%         3
 Hailstorm                Conj/Ice       0%         3d5       75%         3
 Ozocubu's Armour         Ice            0%         N/A       75%         3
 Summon Ice Beast         Ice/Summ       0%         N/A       75%         3
 Tukima's Dance           Hex            0%         N/A       75%         3
 Vampiric Draining        Necr           0%         2d6       75%         3
 Borgnjor's Vile Clutch   Necr/Erth      5%         N/A       80%         5
 Freezing Cloud           Conj/Ice/Air   5%         6-21      80%         5
 Conjure Ball Lightning   Conj/Air       7%         3x3d6     95%         6
 Plasma Beam              Fire/Air       7%         2x1d18    95%         6
 Anguish                  Hex/Necr       0%         N/A       98%         4
 Animate Dead             Necr           0%         N/A       98%         4
 Cause Fear               Hex            0%         N/A       98%         4
 Dispel Undead            Necr           0%         3d6       98%         4
 Flame Wave               Conj/Fire      0%         2d4       98%         4
 Fulminant Prism          Conj/Alch      0%         3d5       98%         4
 Ignite Poison            Fire/Alch      0%         N/A       98%         4
 Martyr's Knell           Necr/Summ      0%         N/A       98%         4
 Olgreb's Toxic Radiance  Alch           0%         N/A       98%         4
 Sticky Flame             Fire/Alch      0%         2d4       98%         4
 Summon Blazeheart Golem  Fire/Summ      0%         N/A       98%         4
 Disjunction              Tloc           15%        N/A       99%         8
 Alistair's Intoxication  Alch           0%         N/A       100%        5
 Curse of Agony           Necr           0%         N/A       100%        5
 Fireball                 Conj/Fire      0%         3d3       100%        5
 Irradiate                Conj/Alch      0%         3d11      100%        5
 Iskenderun's Battlesphe  Conj           0%         2d6       100%        5
 Metabolic Englaciation   Hex/Ice        0%         N/A       100%        5
 Summon Mana Viper        Hex/Summ       0%         N/A       100%        5
 Yara's Violent Unravell  Hex/Alch       0%         3d3       100%        5
 Bombard                  Conj/Erth      5%         9d2       100%        6
 Death Channel            Necr           0%         N/A       100%        6
 Eringya's Noxious Bog    Alch           0%         4d6       100%        6
 Sculpt Simulacrum        Ice/Alch       0%         N/A       100%        6
 Starburst                Conj/Fire      0%         6d3       100%        6
 Enfeeble                 Hex            0%         N/A       100%        7
 Haunt                    Necr/Summ      0%         N/A       100%        7
 Malign Gateway           Summ/Tloc      7%         N/A       100%        7
 Monstrous Menagerie      Summ           0%         N/A       100%        7
 Orb of Destruction       Conj           0%         9d5       100%        7
 Ozocubu's Refrigeration  Ice            0%         4d7       100%        7
 Spellforged Servitor     Conj/Summ      0%         N/A       100%        7
 Summon Hydra             Summ           0%         N/A       100%        7
 Borgnjor's Revivificati  Necr           0%         N/A       100%        8
 Discord                  Hex            0%         N/A       100%        8
 Ignition                 Fire           0%         3d3       100%        8
 Infestation              Necr           0%         N/A       100%        8
 Lehudib's Crystal Spear  Conj/Erth      5%         10d3      100%        8
 Chain Lightning          Conj/Air       7%         3d10      100%        9
 Dragon's Call            Summ           0%         N/A       100%        9
 Fire Storm               Conj/Fire      0%         5d1       100%        9
 Polar Vortex             Ice            0%         N/A       100%        9
 Shatter                  Erth           10%        3d11*     100%        9
 Animate Armour           Summ/Erth      Unusable   N/A       N/A         4
 Sublimation of Blood     Necr           Unusable   N/A       N/A         2

Dungeon Overview and Level Annotations

Branches:
Dungeon (15/15)            Temple (1/1) D:4            Lair (5/5) D:11
 Shoals (4/4) Lair:3       Spider (4/4) Lair:3        Slime (5/5) Lair:4
    Orc (2/2) D:10            Elf (3/3) Orc:2        Vaults (5/5) D:13
  Crypt (3/3) Vaults:3       Tomb (3/3) Crypt:3      Depths (4/4) D:15
   Hell (visited)             Dis (7/7) Hell            Geh (7/7) Hell
    Coc (7/7) Hell            Tar (7/7) Hell            Zot (5/5) Depths:4
  Sewer (visited)           IceCv (visited)          WizLab (visited)

Altars:
Ashenzari
Cheibriados
Dithmenos
Elyvilon
Fedhas
Gozag
Hepliaklqana
Kikubaaqudgha
Makhleb
Nemelex Xobeh
Okawaru
Qazlal
Ru
Sif Muna
Trog
Uskayaw
Vehumet
Wu Jian
Xom
Yredelemnul
Zin
The Shining One

Shops:
D:3 ?   D:6 :?=:   D:7 !   D:8 [(=   D:10 ?   D:11 *[*?   D:15 *?!((
Orc:2 [:*(   Vaults:3 ::!!!

Portals:
Hell: Depths:1 Depths:2 Depths:3 Depths:4
Abyss: Depths:1 Depths:2 Depths:3
Pandemonium: Depths:1 Depths:2
Ziggurat: Depths:3

Annotations:
Depths:3 Boris


Innate Abilities, Weirdness & Mutations

You are a lightning-filled tempest!
Your electrical attacks strike out in all directions at once.
You are incredibly evasive.
Your insubstantial body is immune to petrification, constriction, and being set on fire You are flying.
Your armour is entirely melded.
You are incapable of wielding weapons or throwing items.
((Your dull iron-grey scales are very hard. (AC +18)))
You are amphibious.
You cannot fit into any form of body armour.
You are immune to poison.
((You are cold-blooded and may be slowed by cold attacks.))
((Your large and strong wings let you fly.))
((You have large cloven feet.))
((Your tail ends in a venomous barb.))
((Your skin changes colour to match your surroundings (Stealth+).))
You sometimes lose your temper in combat.
Your body sometimes deteriorates upon taking damage.
You have an increased reservoir of magic. (+10% MP)
You occasionally lose the ability to drink potions when taking damage.
You expend magic power (3 MP) to strengthen your wands.


Message History

You fly upwards.
There is a stone staircase leading down here.
There is a stone staircase leading up here.
You fly upwards.
There is a stone staircase leading down here.
Aiming: Dig
Press: ? - help, Shift-Dir - straight line A rock wall.
This square is covered in magical glow.
You feel a surge of power!
The rock shatters into small pieces.
There is a stone staircase leading up here.
You fly upwards.
There is a stone staircase leading down here.
A Hell Sentinel comes into view.
You see nothing there to target!
You blast the Hell Sentinel!!!!
The Hell Sentinel is almost dead.
You batter the Hell Sentinel!!
You kill the Hell Sentinel!
Qazlal accepts your kill.
No target in view!
There is a stone staircase leading up here.
You fly upwards.
There is a stone staircase leading down here.
There is a stone staircase leading up here.
You fly upwards.
There is a stone staircase leading down here.
There is a stone staircase leading up here.
You fly upwards.
There is a stone staircase leading down here.
There is a stone staircase leading up here.
You fly upwards.
There is a stone staircase leading down here.
Aiming: Dig
Press: ? - help, Shift-Dir - straight line A rock wall.
This square is covered in magical glow.
You feel a surge of power!
The rock shatters into small pieces.
There is a staircase leading out of the dungeon here.
You have escaped!

######.#.......####
......###.........#
.......#..>....##.#
#####.............#
##...#####.#..# ##
##.######.#..# .#
#........#..# .#
#########§##### .#
#.>v...# .#
####°#.####### .##
#.........# ..#
#.#.#####.# ..#
############.##.# #.#
..## #............#
#.# #.# ...#
#.############ ## #.#
#..#
#.##################.#
#..#
#.........#........(.#


There were no monsters in sight!

Vanquished Creatures
  Cerebov (Pan)
  Antaeus (Coc:7)
  Asmodeus (Geh:7)
  11 pandemonium lords
  Ereshkigal (Tar:7)
  Mnoleg (Pan)
  the Royal Jelly (Slime:5)
  Gloorx Vloq (Pan)
  the Serpent of Hell (Tar:7)
  Lom Lobon (Pan)
  9 dread liches
  Dispater (Dis:7)
  5 ancient liches
  Frederick (Crypt:2)
  4 orbs of fire (Zot:5)
  Mennas (Vaults:5)
  Mara (Vaults:2)
  3 juggernauts
  Xtahua (Crypt:1)
  Sojobo (Vaults:5)
  Boris (5 times) (Crypt:3 Depths:3 Tomb:1 Tomb:2 Tomb:3)
  33 royal mummies
  Parghit (Zot:4)
  The ghost of Peitt the Fencer, a veteran BaIE of Cheibriados (Depths:1)
  9 Killer Klowns
  Bai Suzhen (Crypt:1)
  16 shard shrikes
  A curse toe (Zot:1)
  Geryon (Hell)
  27 caustic shrikes
  7 golden dragons
  Norris (Depths:1)
  11 profane servitors
  The ghost of Implojin the Tortoise, an adept AtCj of Vehumet (Zot:1)
  Arachne (Spider:2)
  27 bone dragons
  A shard shrike zombie (Tar:7)
  12 doom hounds
  17 iron giants
  3 electric golems
  17 Tzitzimimeh
  10 hellephants
  Jorgrun (D:12)
  24 tentacled monstrosities
  4 spectral shard shrikes
  22 Brimstone Fiends
  A Cloud Mage (WizLab)
  Mlioglotl (Shoals:4)
  23 Ice Fiends
  18 tainted leviathans
  Rupert (D:13)
  Zenata (Vaults:1)
  39 Hell Sentinels
  10 liches
  A shard shrike skeleton (Crypt:3)
  2 deep elf master archers (Elf:3)
  2 deep elf blademasters
  25 Orb Guardians (Zot:5)
  17 searing wretches
  24 titans
  10 quicksilver dragons
  Asterion (Vaults:1)
  22 Executioners (Pan)
  21 acid blobs
  3 krakens
  Polyphemus (Shoals:3)
  Frances (Shoals:2)
  33 ancient champions
  An eldritch tentacle (Pan)
  A walking divine tome (Depths:4)
  13 sphinxes
  Gastronok (Lair:2)
  Aizul (Shoals:2)
  6 death cobs
  Agnes (Spider:2)
  9 protean progenitors
  13 shadow dragons
  14 storm dragons
  Kirke (D:14)
  5 tengu reavers
  14 azure jellies
  8 rockslimes
  Ilsuiw (Shoals:2)
  The ghost of Vochiuc the Eclecticist, an adept DEFE of Vehumet (D:15)
  11 demonspawn warmongers (Pan)
  4 draconian knights
  2 fenstrider witches (Pan)
  6 draconian monks
  Donald (Spider:2)
  23 narguns
  20 fire giants
  12 deep elf sorcerers
  2 draconian shifters (Zot:1)
  18 frost giants
  9 quicksilver elementals
  2 iron dragons
  A daeva (Pan)
  4 revenants
  3 draconian scorchers
  19 vault wardens
  2 spectral juggernauts
  43 balrugs
  2 juggernaut zombies
  3 spectral caustic shrikes
  8 shard shrike simulacra
  The ghost of Jewnes the Bludgeoner, a journeyman MiBe of Trog (Lair:5)
  3 caustic shrike zombies
  2 deep elf elementalists (Elf:3)
  8 emperor scorpions
  3 curse skulls
  27 cacodemons (Pan)
  25 ghouls
  24 reapers
  The ghost of MuffinSoup the Devastator, a journeyman OpHW of Vehumet (D:15)
  4 orc warlords
  5 juggernaut skeletons
  7 quicksilver oozes
  19 very ugly things
  6 ghost moths
  2 draconian stormcallers
  13 demonspawn corrupters (Pan)
  13 demonspawn blood saints
  11 ironbound preservers
  8 draconian annihilators
  3 caustic shrike skeletons (Pan)
  17 stone giants
  6 spriggan defenders
  8 ironbound thunderhulks
  2 broodmothers
  4 formless jellyfish
  9 black draconians
  10 vampire knights
  Nessos (D:14)
  The ghost of rutigerpupkin the Earth Mage, a journeyman GrEE of Vehumet (D:15)
  The ghost of Gerimuc the Unseen, a journeyman SpEn of Kikubaaqudgha (D:15)
  22 demonspawn black suns (Pan)
  3 deep elf demonologists
  10 green draconians
  9 deep elf annihilators
  4 dire elephants (Vaults:1)
  29 putrid mouths
  29 elemental wellsprings
  10 deep elf death magi
  9 lorocyprocas (Pan)
  27 war gargoyles
  10 purple draconians
  3 yellow draconians
  4 spark wasps
  A spectral titan (Tar:4)
  8 red draconians
  24 wendigos
  10 white draconians
  10 bennus
  A minotaur (Lair:5)
  11 eidola
  The ghost of greynaab the Fighter, a journeyman GrAE of Makhleb (Orc:1)
  17 iron golems
  A crystal guardian (Zot:2)
  24 ettins
  21 blizzard demons
  2 spectral quicksilver dragons
  The ghost of Keadol the Thaumaturge, a journeyman DrCj of Vehumet (Lair:1)
  4 merfolk javelineers
  17 green deaths
  Josephine (D:15)
  16 merfolk impalers
  19 mummy priests
  2 jiangshi (Crypt:3)
  20 yaktaur captains
  2 quicksilver dragon skeletons
  A spectral spriggan (Tar:7)
  The ghost of Zuma the Protected, a journeyman AtCj of Gozag (Lair:1)
  6 hydras
  13 ice dragons
  An entropy weaver (shapeshifter) (D:11)
  12 deep elf high priests
  4 entropy weavers
  10 fire dragons
  3 spriggan zombies
  A spectral fenstrider witch (Tar:2)
  Fannar (D:10)
  9 great orbs of eyes
  17 salamander tyrants
  5 radroaches
  6 juggernaut simulacra
  3 ogre magi
  22 centaur warriors
  2 merfolk avatars
  4 hell beasts (Pan)
  4 spriggan skeletons
  7 ghost crabs
  11 ironbound frosthearts
  8 rakshasas
  3 anacondas (Zot:3)
  5 spriggan air magi
  29 vault guards
  A jorogumo (Spider:4)
  2 satyrs (Pan)
  Erica (Lair:1)
  A peacekeeper (Vaults:4)
  3 catoblepae
  9 boulder beetles
  9 stokers
  9 caustic shrike simulacra
  6 merfolk aquamancers
  3 deep troll shamans
  19 dancing weapons
  89 death scarabs
  A sphinx skeleton (Crypt:2)
  3 tengu warriors
  12 two-headed ogres
  14 demonic crawlers
  A death knight (Crypt:2)
  3 spectral dire elephants
  7 spriggan berserkers
  6 vampire magi
  6 deep troll earth magi
  3 spectral nagas
  18 death yaks
  A shock serpent (WizLab)
  A hellephant skeleton (Pan)
  A thrashing horror (Abyss:3)
  24 hell hogs
  2 occultists (D:15)
  19 deep elf knights
  A shock serpent (shapeshifter) (Vaults:5)
  43 soul eaters
  A storm dragon zombie (Crypt:2)
  6 orc high priests
  16 hell knights
  Sonja (Lair:3)
  74 sun demons
  5 spriggans (Depths:3)
  40 sixfirhies
  29 shadow wraiths
  3 titan skeletons
  10 crystal echidnas
  A golden dragon zombie (Tar:7)
  2 wretched stars (Abyss:3)
  5 pharaoh ants
  11 skysharks
  49 skeletal warriors
  3 iron trolls
  22 shadow demons
  7 sea snakes
  2 anaconda zombies
  2 cherubim
  A spectral anaconda (Tar:6)
  5 quicksilver dragon simulacra
  32 deep trolls
  A sun moth (shapeshifter) (Vaults:5)
  10 sun moths
  2 bog bodies (Crypt:1)
  3 flayed ghosts
  7 spriggan simulacra
  4 death drakes (WizLab)
  A bunyip skeleton (Tomb:1)
  A spectral hydra (Tar:7)
  2 glowing orange brains (shapeshifter)
  3 orange crystal statues
  12 glowing orange brains
  9 orb spiders
  9 arcanists
  Pikel (D:9)
  A harpy (shapeshifter) (Vaults:5)
  14 ironbound convokers
  2 kraken simulacra (Shoals:4)
  7 lindwurms
  14 orc knights
  11 necromancers
  26 large abominations
  9 phantasmal warriors
  7 steelbarb worms
  5 deep elf archers
  24 deep elf pyromancers
  An oklob plant (Tar:2)
  23 deep elf zephyrmancers
  21 harpies
  4 orc sorcerers
  3 spectral ettins
  A stone giant zombie (Depths:1)
  12 cyclopes
  8 fauns
  5 shining eyes
  An iron dragon zombie (Crypt:3)
  30 ugly things
  30 moths of wrath
  17 manticores
  13 wolf spiders
  An alligator skeleton (Crypt:3)
  A moth of wrath (shapeshifter) (Vaults:5)
  A cyclops (shapeshifter) (Elf:1)
  3 worldbinders (Abyss:3)
  2 fauns (shapeshifter)
  9 elephants
  A stone giant skeleton (Tomb:1)
  4 spectral centaurs
  A fire giant skeleton (Depths:1)
  2 guardian serpents
  22 vault sentinels
  7 black mambas
  3 ice statues
  5 torpor snails
  3 kobold blastminers (Orc:2)
  33 smoke demons
  Joseph (D:8)
  7 gargoyles
  13 merfolk sirens
  A naga mage (Depths:1)
  The ghost of AutarchDCSS the Poker, a novice AtCj of Zin (D:5)
  12 molten gargoyles
  9 titan simulacra
  6 apocalypse crabs
  7 rust devils
  21 orange demons
  4 water nymphs (Shoals:4)
  2 iron dragon skeletons (Crypt:2)
  An eye of devastation (Depths:3)
  A naga zombie (Crypt:2)
  A water nymph (shapeshifter) (Depths:3)
  21 cane toads
  9 kobold demonologists (D:11)
  2 unseen horrors
  2 dire elephant skeletons
  A pale draconian zombie (Crypt:1)
  5 efreet
  37 hellions
  4 anaconda simulacra
  23 tormentors
  4 freezing wraiths
  2 ancient zymes (Abyss:3)
  12 komodo dragons
  21 yaktaurs
  13 rime drakes
  An unseen horror skeleton (D:9)
  2 komodo dragons (shapeshifter)
  A golden dragon simulacrum (Coc:3)
  3 iron giant simulacra
  A tengu conjurer (D:15)
  2 spectral harpies
  37 guardian mummies
  An ice devil (Hell)
  A moth of wrath zombie (Crypt:1)
  2 silent spectres
  The ghost of Zeo the Skirmisher, an amateur MiHu (D:5)
  The ghost of tdog the Covert, a novice SpBr (D:5)
  A polar bear (shapeshifter) (D:13)
  10 hornets
  15 polar bears
  10 red devils
  3 harpy zombies
  36 merfolk
  20 hellwings
  A hornet (shapeshifter) (Elf:1)
  14 trolls
  3 harpy skeletons
  14 tarantellas
  2 ettin zombies
  A fire dragon zombie (Crypt:1)
  5 raiju (Abyss:3)
  16 blink frogs
  3 glass eyes
  A frost giant simulacrum (Depths:3)
  20 dream sheep
  9 wind drakes
  A spectral orc (Orc:1)
  9 snapping turtles
  4 stone giant simulacra
  73 slime creatures
  An ice dragon zombie (Crypt:3)
  9 dire elephant simulacra
  22 jumping spiders
  15 air elementals
  13 water elementals
  6 fire dragon skeletons (Crypt:3)
  A slime creature zombie (Crypt:1)
  14 ynoxinuls
  28 culicivoras
  16 wraiths
  4 shadows
  4 vampires
  73 yaks
  5 basilisks
  8 ushabtiu
  18 wyverns
  3 hogs (D:14)
  17 starcursed masses (Abyss:3)
  17 humans
  21 neqoxecs
  A yak (shapeshifter) (D:14)
  2 fire elementals
  10 vampire mosquitoes
  An alligator snapping turtle simulacrum (Coc:1)
  2 steam dragons
  62 redbacks
  Grum (D:9)
  8 wargs
  13 chaos spawn
  6 harpy simulacra
  2 swamp worms (shapeshifter)
  A two-headed ogre zombie (Crypt:2)
  36 water moccasins
  4 hydra simulacra
  4 acid dragons
  21 hell hounds
  A human skeleton (Depths:3)
  A glowing shapeshifter skeleton (Depths:3)
  A hornet zombie (D:9)
  14 black bears
  2 naga skeletons
  42 orc warriors
  4 ice beasts
  20 wolves
  3 ettin simulacra
  14 laughing skulls
  4 centaurs
  2 boggarts (Depths:1)
  10 ogres
  An elephant skeleton (Crypt:2)
  A spectral warg (Orc:1)
  12 kobold brigands
  6 bullfrogs
  4 gnoll sergeants
  2 small abominations (Abyss:3)
  An elf skeleton (Crypt:1)
  2 necrophages (Crypt:1)
  3 naga simulacra
  5 scorpions
  A cyclops zombie (Crypt:2)
  2 burial acolytes (D:9)
  10 wights
  A tengu zombie (Depths:1)
  4 killer bees
  7 electric eels
  2 howler monkeys
  3 bombardier beetles
  A crimson imp (D:10)
  A human zombie (D:9)
  A quasit (Abyss:3)
  A warg simulacrum (Orc:1)
  10 orc priests
  3 hounds
  A jelly (D:7)
  A kobold simulacrum (Orc:1)
  2 centaur zombies
  A bullfrog skeleton (Crypt:2)
  3 centaur skeletons
  4 sleepcaps
  An iguana (D:6)
  33 orc wizards
  6 hell rats
  A troll simulacrum (Orc:1)
  A crocodile zombie (Crypt:1)
  A deep dwarf zombie (Crypt:2)
  43 mummies
  2 howler monkey zombies
  Robin (D:3)
  15 adders
  11 gnolls
  A howler monkey skeleton (D:9)
  An ogre simulacrum (Orc:1)
  4 river rats (D:11)
  A shadow imp (D:7)
  2 white imps
  2 orc simulacra (Orc:1)
  An iguana skeleton (Crypt:1)
  A dart slug (D:5)
  8 ribbon worms
  70 orcs
  9 ball pythons
  7 bats
  8 endoplasms
  4 giant cockroaches
  12 goblins
  7 hobgoblins
  4 jackals
  40 kobolds
  3 quokkas
  5 frilled lizards
  A kobold skeleton (Crypt:2)
  11 rats
  3 aspiring fleshes
  2 ball lightnings (Pan)
  4 creeping infernos
  7 fire vortices
  3 spectral weapons (Vaults:1)
  A starspawn tentacle (Abyss:3)
  12 tentacles
4353 creatures vanquished.

Vanquished Creatures (collateral kills)
  A titan (Coc:7)
  2 emperor scorpions
  A deep elf elementalist (Elf:3)
  A cacodemon (Pan)
  A merfolk impaler (Shoals:4)
  An ice dragon (IceCv)
  2 crystal echidnas (Dis:1)
  2 sixfirhies (Pan)
  2 orb spiders
  A manticore (Shoals:4)
  4 orange demons (Pan)
  A polar bear (IceCv)
  A chaos spawn (Pan)
  A necrophage (Crypt:1)
21 creatures vanquished.

Vanquished Creatures (others)
  Margery (Crypt:1)
  A Hell Sentinel (Pan)
  A titan (Coc:5)
  2 eldritch tentacles (Pan)
  A frost giant (Coc:3)
  4 shard shrike simulacra
  A wendigo (Coc:7)
  A lorocyproca (Pan)
  A merfolk impaler (Shoals:4)
  A great orb of eyes (Vaults:5)
  2 vault guards (Vaults:5)
  A yaktaur captain (Vaults:5)
  3 juggernaut simulacra
  A jorogumo (Pan)
  A merfolk aquamancer (Pan)
  A sun demon (Pan)
  A deep elf knight (Elf:3)
  A shadow demon (Pan)
  4 quicksilver dragon simulacra
  An ironbound convoker (Vaults:3)
  A spriggan simulacrum (Coc:1)
  A wolf spider (Spider:4)
  A fenstrider witch simulacrum (Coc:2)
  A manticore (Shoals:1)
  An orange demon (Pan)
  2 titan simulacra
  A hellion (Coc:6)
  2 yaktaurs
  A merfolk (Shoals:4)
  A polar bear (IceCv)
  A blink frog (Lair:3)
  A hornet (Depths:3)
  A snapping turtle (Shoals:4)
  A stone giant simulacrum (Coc:4)
  A ynoxinul (Pan)
  2 alligator snapping turtle simulacra
  A chaos spawn (Pan)
  4 harpy simulacra
  A hydra simulacrum (Coc:5)
  An orc warrior (Orc:2)
  A laughing skull (Elf:3)
  3 ettin simulacra
  A centaur (D:11)
  A naga simulacrum (Coc:1)
  2 orc wizards
  2 mummies (Tomb:2)
  3 orcs
  4 ball lightnings (Pan)
  5 creeping infernos
  A fire vortex (Geh:3)
  A starspawn tentacle (Abyss:3)
  23 tentacles
103 creatures vanquished.

Grand Total: 4477 creatures vanquished

Notes
Turn   | Place    | Note
-------+----------+-------------------------------------------
     0 | D:1      | unrecovered the Draconian Shapeshifter began the quest for
                  | the Orb.
     0 | D:1      | Reached XP level 1. HP: 16/16 MP: 1/1
   109 | D:1      | Reached XP level 2. HP: 23/23 MP: 2/2
   936 | D:2      | Reached XP level 3. HP: 27/28 MP: 3/3
  1209 | D:2      | Found a faded altar of an unknown god.
  1417 | D:3      | Found Daukaeru's Magic Scroll Boutique.
  1445 | D:3      | Bought a scroll of identify for 24 gold pieces
  1445 | D:3      | Bought a scroll of identify for 24 gold pieces
  1534 | D:3      | Reached skill level 5 in Unarmed Combat
  1534 | D:3      | Reached XP level 4. HP: 35/35 MP: 4/4
  1603 | D:3      | Noticed Robin
  1629 | D:3      | Reached XP level 5. HP: 26/40 MP: 5/5
  1643 | D:3      | Killed Robin
  1739 | D:3      | Found a glowing drain.
  1748 | Sewer    | Entered a sewer
  2135 | Sewer    | Reached XP level 6. HP: 5/47 MP: 6/6
  2428 | D:3      | Found an opulent altar of Gozag.
  3117 | D:4      | Found a white marble altar of Elyvilon.
  3293 | D:4      | Found a staircase to the Ecumenical Temple.
  3425 | D:4      | Noticed a yak
  3436 | D:4      | Killed a yak
  3437 | D:4      | Your scales start taking on a dull iron-grey colour.
  3437 | D:4      | Reached XP level 7. HP: 35/52 MP: 7/7
  4091 | D:5      | Entered Level 5 of the Dungeon
  4240 | D:5      | Reached XP level 8. HP: 47/59 MP: 8/8
  4386 | D:4      | Reached skill level 10 in Unarmed Combat
  4406 | D:5      | Found a sparkling altar of Nemelex Xobeh.
  4460 | D:5      | Found a glowing silver altar of Zin.
  4484 | D:5      | Reached skill level 5 in Fighting
  4618 | D:5      | Found a runed translucent gate.
  4619 | D:5      | Found a runed translucent gate.
  4620 | D:5      | Found a runed translucent gate.
  4623 | D:5      | Noticed tdog's ghost (novice SpBr)
  4623 | D:5      | Noticed Zeo's ghost (amateur MiHu)
  4623 | D:5      | Noticed AutarchDCSS's ghost (novice AtCj)
  4631 | D:5      | Found a stormy altar of Qazlal.
  4643 | D:5      | Found a blossoming altar of Fedhas.
  4690 | D:5      | Got the Disquisition on the Volley
  4946 | D:5      | Found a snail-covered altar of Cheibriados.
  5156 | D:5      | Became a worshipper of Qazlal Stormbringer
  6039 | D:6      | Reached skill level 10 in Fighting
  6149 | D:6      | Reached * piety under Qazlal
  6454 | D:6      | Found Puapp's Book Shoppe.
  6498 | D:6      | Reached XP level 9. HP: 71/89 MP: 9/9
  6766 | D:6      | Found Vyamoup's Magic Scroll Shop.
  6807 | D:6      | Bought a scroll of enchant weapon for 112 gold pieces
  6807 | D:6      | Bought a scroll of identify for 30 gold pieces
  6807 | D:6      | Bought a scroll of identify for 30 gold pieces
  6807 | D:6      | Bought a scroll of identify for 30 gold pieces
  7012 | D:6      | Found Miskylia's Jewellery Emporium.
  7049 | D:6      | Found Ygokhle's Book Shop.
  7193 | D:7      | Found Icupisha's Distillery.
  7203 | D:7      | Found a basalt altar of Yredelemnul.
  7221 | D:7      | Bought a potion of enlightenment for 55 gold pieces
  7673 | D:7      | Found an ornate altar of the Wu Jian Council.
  7757 | D:8      | Reached ** piety under Qazlal
  7817 | D:8      | Reached skill level 15 in Fighting
  7832 | D:8      | Reached skill level 5 in Shapeshifting
  8050 | D:8      | Noticed Joseph
  8059 | D:8      | Killed Joseph
  8060 | D:8      | Reached XP level 10. HP: 98/105 MP: 10/10
  8079 | D:8      | Found Racietig's Antique Armour Shoppe.
  8194 | D:8      | Noticed a tengu warrior
  8211 | D:8      | Killed a tengu warrior
  8257 | D:8      | Paralysed by a gnoll sergeant for 3 turns
  8351 | D:8      | Noticed a boulder beetle
  8585 | D:8      | Identified the +0 chain mail of the Rambutan {rF+ rCorr
                  | Int+3 Slay+3}
  8585 | D:8      | Noticed a tengu warrior
  8617 | D:8      | Killed a tengu warrior
  8769 | D:8      | Found Lutis's Jewellery Boutique.
  8794 | D:8      | Found Zidgho's Weapon Shop.
  8885 | D:8      | Noticed a deep elf pyromancer
  8896 | D:8      | Killed a deep elf pyromancer
  8989 | D:8      | Killed a boulder beetle
  9166 | D:8      | Reached XP level 11. HP: 112/112 MP: 11/11
  9313 | D:8      | Reached skill level 10 in Shapeshifting
  9390 | D:9      | Noticed Grum
  9436 | D:9      | Reached *** piety under Qazlal
  9437 | D:9      | Reached skill level 1 in Invocations
  9446 | D:9      | Reached skill level 1 in Evocations
  9479 | D:9      | Killed Grum
  9855 | D:9      | Noticed Pikel
  9868 | D:9      | Killed Pikel
  9909 | D:9      | Found a hide-covered altar of Uskayaw.
 10119 | D:9      | Found an ancient bone altar of Kikubaaqudgha.
 10649 | D:9      | Reached skill level 5 in Invocations
 10652 | D:9      | Reached **** piety under Qazlal
 10656 | D:9      | Reached skill level 5 in Evocations
 11040 | D:10     | Entered Level 10 of the Dungeon
 11058 | D:10     | Noticed Fannar
 11185 | D:10     | Killed Fannar
 11365 | D:10     | Noticed a two-headed ogre
 11380 | D:10     | Killed a two-headed ogre
 11492 | D:10     | Noticed a two-headed ogre
 11516 | D:10     | Killed a two-headed ogre
 11517 | D:10     | Reached skill level 5 in Dodging
 11730 | D:10     | Found a staircase to the Orcish Mines.
 11745 | D:10     | Noticed a centaur warrior
 11755 | D:10     | Killed a centaur warrior
 11767 | D:10     | Noticed an arcanist
 11777 | D:10     | Killed an arcanist
 11778 | D:10     | Reached XP level 12. HP: 93/119 MP: 15/15
 11940 | D:11     | Found Usyxkaxa's Magic Scroll Shoppe.
 11942 | D:11     | Bought a scroll of fog for 56 gold pieces
 11970 | D:11     | Noticed a death yak
 11972 | D:11     | Noticed a death yak
 11973 | D:11     | Noticed a death yak
 11981 | D:11     | Killed a death yak
 12060 | D:11     | Killed a death yak
 12098 | D:11     | Found Uppogyin's General Store.
 12203 | D:11     | Found Piatof's General Store.
 12220 | D:11     | Noticed a boulder beetle
 12243 | D:11     | Noticed a two-headed ogre
 12247 | D:11     | Noticed a two-headed ogre
 12250 | D:11     | Killed a two-headed ogre
 12250 | D:11     | Reached ***** piety under Qazlal
 12250 | D:11     | Identified the ring "Redi" {Will+ SInv}
 12254 | D:11     | Found a staircase to the Lair.
 12264 | D:11     | Killed a death yak
 12319 | D:11     | Killed a boulder beetle
 12646 | D:11     | Reached skill level 10 in Dodging
 12829 | D:11     | Killed a two-headed ogre
 13029 | D:11     | Noticed a six-headed hydra
 13268 | D:11     | Noticed a centaur warrior
 13275 | D:11     | Killed a centaur warrior
 13325 | D:11     | Killed a six-headed hydra
 13366 | D:11     | Reached XP level 13. HP: 105/126 MP: 16/16
 13420 | D:11     | Bought a scroll of identify for 32 gold pieces
 13525 | D:11     | Bought a scroll of identify for 28 gold pieces
 13525 | D:11     | Bought a scroll of identify for 28 gold pieces
 13744 | D:11     | Found Diepost's Armour Boutique.
 13752 | D:11     | Bought a +2 cloak for 231 gold pieces
 13972 | Lair:1   | Entered Level 1 of the Lair of Beasts
 14061 | Lair:1   | Identified the +1 spear "Giantbane" {speed, ^Fragile rN+
                  | Dex+5}
 14136 | Lair:1   | Found a snail-covered altar of Cheibriados.
 14206 | Lair:1   | Noticed Erica
 14212 | Lair:1   | Killed Erica
 14357 | Lair:1   | Found a runed translucent gate.
 14358 | Lair:1   | Found a runed translucent gate.
 14359 | Lair:1   | Found a runed translucent gate.
 14359 | Lair:1   | Noticed Zuma's ghost (journeyman AtCj)
 14360 | Lair:1   | Noticed Keadol's ghost (journeyman DrCj)
 14785 | Lair:1   | Killed Keadol's ghost
 14799 | Lair:1   | Killed Zuma's ghost
 14859 | Lair:1   | Identified the +6 halberd of Pandemonium {spect, rPois rF-
                  | Int+8 Dex+2}
 14912 | Lair:2   | Reached ****** piety under Qazlal
 15088 | Lair:2   | Noticed Gastronok
 15116 | Lair:2   | Killed Gastronok
 15846 | Lair:3   | Noticed Sonja
 16122 | Lair:2   | Reached XP level 14. HP: 115/138 MP: 17/17
 16307 | Lair:3   | Killed Sonja
 16792 | Lair:3   | Found a hole to the Spider Nest.
 16937 | Lair:3   | Found a staircase to the Shoals.
 17518 | Lair:4   | Found a staircase to the Slime Pits.
 18087 | Lair:5   | Entered Level 5 of the Lair of Beasts
 18100 | Lair:5   | Reached skill level 10 in Invocations
 18770 | Lair:5   | Paralysed by a hornet for 2 turns
 18785 | Lair:5   | Noticed Jewnes's ghost (journeyman MiBe)
 19033 | Lair:5   | Reached XP level 15. HP: 91/145 MP: 22/22
 19991 | Lair:5   | Found a runed translucent gate.
 19991 | Lair:5   | Found a runed translucent gate.
 19991 | Lair:5   | Found a runed translucent gate.
 20770 | Orc:1    | Entered Level 1 of the Orcish Mines
 20784 | Orc:1    | Reached skill level 15 in Unarmed Combat
 20957 | Orc:2    | Entered Level 2 of the Orcish Mines
 21497 | Orc:2    | Found Nuicol Ynev's Book Shop.
 21689 | Orc:2    | Found Itac's General Store.
 21764 | Orc:2    | Found Tesuezar's Antique Weapon Shoppe.
 21817 | Orc:2    | Found a staircase to the Elven Halls.
 21935 | Orc:2    | Found Sutiyxip's Antique Armour Emporium.
 21943 | Orc:2    | Bought a pair of embroidered gloves for 247 gold pieces
 22239 | Orc:1    | Found a runed translucent gate.
 22239 | Orc:1    | Found a runed translucent gate.
 22239 | Orc:1    | Found a runed translucent gate.
 22242 | Orc:1    | Noticed greynaab's ghost (journeyman GrAE)
 22661 | Orc:1    | Killed greynaab's ghost
 22955 | D:6      | Bought the ring of Saviaroa {rElec rC+ rN+ Dex+3} for 495
                  | gold pieces
 23166 | Spider:1 | Entered Level 1 of the Spider Nest
 23890 | D:12     | Noticed Jorgrun
 23909 | D:12     | Killed Jorgrun
 24324 | D:12     | You fall into a shaft and drop 1 floor!
 24408 | D:13     | Noticed Rupert
 24423 | D:13     | Killed Rupert
 24424 | D:13     | Reached XP level 16. HP: 82/152 MP: 23/23
 24678 | D:13     | Found a gate to the Vaults.
 25263 | D:14     | Noticed Kirke
 25268 | D:14     | Killed Kirke
 25297 | D:14     | Found a transporter.
 25617 | D:14     | Found a transporter.
 25621 | D:14     | Noticed Nessos
 25627 | D:14     | Killed Nessos
 25823 | D:14     | Found a white marble altar of Elyvilon.
 25906 | D:14     | Found a portal to a secret trove of treasure.
 26128 | D:15     | Entered Level 15 of the Dungeon
 26128 | D:15     | Noticed Josephine
 26132 | D:15     | Killed Josephine
 26186 | D:15     | Reached skill level 15 in Dodging
 26220 | D:15     | Found Ytho's Mail-Order Catalogue.
 26272 | D:15     | Found Beangi's Weapon Emporium.
 26284 | D:15     | Found Bibypybu's Magic Scroll Emporium.
 26284 | D:15     | Found Voqabbupp's Antique Weapon Emporium.
 26292 | D:15     | Found Rihiaddu's Distillery.
 26300 | D:15     | Bought 2 potions of resistance for 320 gold pieces
 26300 | D:15     | Bought a potion of might for 64 gold pieces
 26303 | D:15     | Bought a scroll of teleportation for 48 gold pieces
 26303 | D:15     | Bought a scroll of teleportation for 48 gold pieces
 26303 | D:15     | Bought a scroll of teleportation for 48 gold pieces
 26392 | D:15     | Found a staircase to the Depths.
 26525 | D:15     | Found a runed translucent gate.
 26525 | D:15     | Found a runed translucent gate.
 26525 | D:15     | Found a runed translucent gate.
 26525 | D:15     | Noticed rutigerpupkin's ghost (journeyman GrEE)
 26525 | D:15     | Noticed Vochiuc's ghost (adept DEFE)
 26525 | D:15     | Noticed Gerimuc's ghost (journeyman SpEn)
 26526 | D:15     | Noticed MuffinSoup's ghost (journeyman OpHW)
 27406 | D:8      | Bought a runed buckler for 255 gold pieces
 27751 | Spider:1 | Reached skill level 1 in Shields
 28263 | Spider:2 | Noticed Donald
 28279 | Spider:2 | Killed Donald
 28375 | Spider:2 | You fall into a shaft and drop 1 floor!
 28395 | Spider:2 | Noticed Agnes
 28396 | Spider:2 | Noticed Arachne
 28411 | Spider:2 | Killed Agnes
 28456 | Spider:3 | Reached skill level 15 in Shapeshifting
 28533 | Spider:3 | Found a glacial archway.
 28556 | IceCv    | Entered an ice cave
 28576 | IceCv    | Reached skill level 5 in Shields
 28590 | IceCv    | Reached XP level 17. HP: 42/159 MP: 15/24
 29350 | Spider:2 | Killed Arachne
 30751 | Spider:4 | Entered Level 4 of the Spider Nest
 31414 | Spider:4 | Got a gossamer rune of Zot
 31577 | Spider:4 | Identified the +0 war axe of the Dead {heavy, Fly rF+ Str+2
                  | Stlth-}
 31812 | Spider:4 | Reached XP level 18. HP: 116/168 MP: 25/25
 32386 | Shoals:1 | Entered Level 1 of the Shoals
 33360 | Shoals:2 | Identified the serpent talisman "Baoc" {Str+2 Int+4 Dex+4}
 33360 | Shoals:2 | Noticed Aizul
 33366 | Shoals:2 | Noticed Ilsuiw
 33384 | Shoals:2 | Killed Aizul
 33672 | Shoals:2 | Killed Ilsuiw
 33798 | Shoals:2 | Noticed Frances
 33814 | Shoals:2 | Killed Frances
 35152 | Shoals:3 | Noticed Polyphemus
 35162 | Shoals:3 | Killed Polyphemus
 35477 | Shoals:4 | Entered Level 4 of the Shoals
 36301 | Shoals:4 | Reached XP level 19. HP: 148/174 MP: 26/26
 36468 | Shoals:4 | Identified the +3 falchion "Iloxesty" {holy, rN+ Int+3
                  | SInv}
 36508 | Shoals:4 | Got a barnacled rune of Zot
 36550 | Shoals:4 | Noticed Mlioglotl
 36559 | Shoals:4 | Paralysed by accursed screaming for 1 turns
 36563 | Shoals:4 | Killed Mlioglotl
 37201 | Elf:1    | Entered Level 1 of the Elven Halls
 37447 | D:6      | Bought the Anthology of Portals for 308 gold pieces
 37449 | D:6      | Learned a level 1 spell: Apportation
 37454 | D:6      | Learned a level 4 spell: Vhi's Electric Charge
 37459 | D:6      | Learned a level 4 spell: Manifold Assault
 37464 | D:6      | Learned a level 4 spell: Passage of Golubria
 38235 | Elf:1    | Got the Elucidation of Apparitions
 38265 | Elf:1    | Identified the +0 leather armour of the Pits of Slime {Harm
                  | rElec rC+++ Slay-4}
 38280 | Elf:1    | Paralysed by an air elemental for 1 turns
 39223 | Elf:2    | Found a runed translucent gate.
 39223 | Elf:2    | Found a runed translucent gate.
 39227 | Elf:2    | Found a runed translucent gate.
 39812 | Elf:3    | Entered Level 3 of the Elven Halls
 40236 | Elf:3    | Identified the ring of Xud Uloph {rF+ Dex+3}
 40239 | Abyss:3  | Cast into level 3 of the Abyss (a deep elf demonologist)
 40343 | Abyss:3  | Reached XP level 20. HP: 63/187 MP: 22/22
 40423 | Elf:3    | Escaped the Abyss
 41099 | Elf:3    | Identified the +9 trident of the Quiescent God {spect,
                  | rElec Str+5 Dex+3 Stlth-}
 41145 | Elf:3    | Identified the ring "Cauduom" {rN+++ Will- Int+6 SInv
                  | Stlth+}
 41625 | Elf:3    | Got the Notes on Blistering Elsewhere
 41631 | Elf:3    | Identified the +0 chain mail "Cahu" {Dex+3}
 41637 | Elf:3    | Got the Atlas of the Sinister Familiar
 41692 | Elf:3    | Got Riteb's Compendium of the Discontinuous Pyromaniac
 41792 | Elf:3    | Identified the staff of Prescription {rC+ Will+ Str+3 Ice}
 42147 | Slime:1  | Entered Level 1 of the Pits of Slime
 42200 | Slime:1  | Reached skill level 1 in Translocations
 42205 | Slime:1  | Reached skill level 1 in Air Magic
 42847 | Slime:4  | Found a shimmering altar of Xom.
 43017 | Slime:5  | Entered Level 5 of the Pits of Slime
 43184 | Slime:5  | Noticed the Royal Jelly
 43198 | Slime:5  | Killed the Royal Jelly
 43244 | Slime:5  | Reached skill level 5 in Translocations
 43608 | Slime:5  | Reached skill level 5 in Air Magic
 43671 | Slime:5  | Identified the granite talisman "Fyul" {rN+ Will+ Int+2}
 43671 | Slime:5  | Gained mutation: You have a pair of small horns on your
                  | head. [a shining eye]
 43759 | Slime:5  | Identified the +1 robe of the Prince of Darkness {rF+ rC+
                  | SInv}
 43791 | Slime:5  | Got a slimy rune of Zot
 43856 | Slime:5  | Got Xokhloyxi's Grimoire of the Coruscating Wayfarer
 43864 | Slime:5  | Identified the +3 great mace of a Labyrinth {flame, rF+
                  | Will+ Stlth+}
 43964 | Slime:5  | Identified the +5 trident "Newtbane" {drain, *Slow rPois
                  | Int+5}
 44206 | D:15     | Killed Vochiuc's ghost
 44209 | D:15     | Killed MuffinSoup's ghost
 44210 | D:15     | Reached XP level 21. HP: 200/201 MP: 28/28
 44214 | D:15     | Killed rutigerpupkin's ghost
 44223 | D:15     | Killed Gerimuc's ghost
 44380 | D:14     | Identified the ring of Lok Gig {rC- Will+ rCorr SInv}
 44389 | D:14     | Identified the ring of Creativity {rPois rF- Dex+7 SInv
                  | Stlth+}
 44580 | Lair:5   | Killed Jewnes's ghost
 44894 | D:5      | Killed AutarchDCSS's ghost
 44895 | D:5      | Killed Zeo's ghost
 44896 | D:5      | Killed tdog's ghost
 45165 | Vaults:1 | Entered Level 1 of the Vaults
 45230 | Vaults:1 | Found a magical portal.
 45325 | WizLab   | Entered The Chambers of the Cloud Mage
 45538 | WizLab   | Paralysed by an air elemental for 1 turns
 45745 | WizLab   | Reached skill level 10 in Translocations
 45857 | WizLab   | Got the Textbook on Gases
 45861 | WizLab   | Identified the ring "Deprad" {Fly rF+ Str+5}
 45868 | WizLab   | Identified the ring of Ytast {Fly rPois rC+++ Will+ Stlth-}
 46440 | Vaults:1 | Noticed Zenata
 46449 | Vaults:1 | Killed Zenata
 46843 | Vaults:1 | Noticed Asterion
 46853 | Vaults:1 | Killed Asterion
 47884 | Vaults:2 | Noticed Mara
 47890 | Vaults:2 | Noticed unrecovered's illusion
 47905 | Vaults:2 | Killed Mara
 48569 | Vaults:2 | Reached XP level 22. HP: 197/209 MP: 29/29
 48878 | Vaults:3 | Found Puto's Distillery.
 48910 | Vaults:3 | Bought a potion of might for 76 gold pieces
 48910 | Vaults:3 | Bought a potion of heal wounds for 95 gold pieces
 48910 | Vaults:3 | Bought a potion of ambrosia for 152 gold pieces
 48910 | Vaults:3 | Bought a potion of might for 76 gold pieces
 48910 | Vaults:3 | Bought 2 potions of curing for 114 gold pieces
 48910 | Vaults:3 | Bought a potion of mutation for 152 gold pieces
 48917 | Vaults:3 | Found Sym Iva's Distillery.
 48920 | Vaults:3 | Bought a potion of resistance for 220 gold pieces
 48920 | Vaults:3 | Bought a potion of heal wounds for 110 gold pieces
 48920 | Vaults:3 | Bought a potion of curing for 66 gold pieces
 48920 | Vaults:3 | Bought a potion of haste for 220 gold pieces
 48920 | Vaults:3 | Bought a potion of resistance for 220 gold pieces
 49237 | Vaults:3 | Found Fiurgh's Book Shop.
 49353 | Vaults:3 | Found Tiplar's Book Boutique.
 49423 | Vaults:3 | Found Jappusm's Distillery.
 49423 | Vaults:3 | Found the +3 warlock's mirror {omnireflect}
 49432 | Vaults:3 | Bought a potion of heal wounds for 95 gold pieces
 49432 | Vaults:3 | Bought 2 potions of curing for 114 gold pieces
 49432 | Vaults:3 | Bought a potion of heal wounds for 95 gold pieces
 49432 | Vaults:3 | Bought a potion of mutation for 152 gold pieces
 49432 | Vaults:3 | Bought a potion of lignification for 57 gold pieces
 49476 | Vaults:3 | Found a staircase to the Crypt.
 50176 | Vaults:4 | Identified the ring "Pemnenen" {rPois rCorr Dex+6}
 50176 | Vaults:4 | Noticed an ancient lich
 50183 | Vaults:4 | Killed an ancient lich
 50833 | Crypt:1  | Entered Level 1 of the Crypt
 50875 | Crypt:1  | Reached skill level 27 in Shapeshifting
 50958 | Crypt:1  | Noticed Margery
 51199 | Crypt:1  | Killed Margery
 51379 | Crypt:1  | Noticed Bai Suzhen
 51395 | Crypt:1  | Killed Bai Suzhen
 51888 | Crypt:2  | Identified the orb "Dejiag" {light, -Cast Dex+6 Stlth+}
 51888 | Crypt:2  | Noticed Frederick
 51895 | Crypt:2  | Killed Frederick
 51903 | Crypt:2  | Reached XP level 23. HP: 187/215 MP: 30/30
 51984 | Crypt:2  | Noticed Xtahua
 51993 | Crypt:1  | Killed Xtahua
 52186 | Crypt:2  | Found an ancient bone altar of Kikubaaqudgha.
 52660 | Crypt:2  | Found a basalt altar of Yredelemnul.
 52751 | Crypt:3  | Entered Level 3 of the Crypt
 52751 | Crypt:3  | Noticed Boris
 52767 | Crypt:3  | Killed Boris
 53172 | Crypt:3  | Identified the amulet of the Assorted Wonders {RegenMP
                  | +Blink Will++ Regen+ Dex-2}
 53428 | Crypt:3  | Noticed a dread lich
 53435 | Crypt:3  | Killed a dread lich
 53438 | Crypt:3  | Found an ancient bone altar of Kikubaaqudgha.
 53455 | Crypt:3  | Noticed a dread lich
 53461 | Crypt:3  | Killed a dread lich
 53724 | Crypt:3  | Found a staircase to the Tomb.
 53990 | Crypt:3  | Got the Omnibus of Malevolent Ceremonies
 54318 | Depths:1 | Entered Level 1 of the Depths
 54318 | Depths:1 | Found a one-way gate leading to the halls of Pandemonium.
 54327 | Depths:1 | Identified the +0 arbalest "Kaguq" {freeze, rPois rC+ rN+
                  | Dex+2}
 54584 | Depths:1 | Found a gateway to Hell.
 54626 | Depths:1 | Found a shadowy altar of Dithmenos.
 54777 | Depths:1 | Identified the +2 orcbow of the Vestibule of Hell {elec,
                  | *Corrode rC- Int+6 Stlth+}
 54804 | Depths:1 | Found a one-way gate to the infinite horrors of the Abyss.
 54813 | Depths:1 | Noticed Norris
 54820 | Depths:1 | Killed Norris
 54940 | Depths:1 | Found a runed translucent gate.
 54940 | Depths:1 | Noticed Peitt's ghost (veteran BaIE)
 54941 | Depths:1 | Found a runed translucent gate.
 54942 | Depths:1 | Found a runed translucent gate.
 55037 | Depths:1 | Paralysed by a Zot trap for 4 turns
 55217 | Depths:1 | Killed Peitt's ghost
 55218 | Depths:1 | Reached XP level 24. HP: 166/224 MP: 30/30
 55240 | Depths:1 | Identified the +0 pair of gloves "Riew" {SInv}
 55927 | Depths:2 | Found the +8 mithril axe "Arga" {speed, Will+}
 56103 | Depths:2 | Noticed a juggernaut
 56113 | Depths:2 | Killed a juggernaut
 56142 | Depths:2 | Identified the +5 halberd of Ypaeherr {flame, Fly Dex+5}
 56143 | Depths:2 | Identified the +1 dagger of Defence by Offence {freeze,
                  | rPois Str+2 Int+2}
 56145 | Depths:2 | Identified the +1 quarterstaff "Muledula" {heavy, Dex+3}
 56148 | Depths:2 | Identified the +8 hand axe of Vagisa {freeze, rN+ MP+9}
 56653 | Depths:3 | Noticed Boris
 56658 | Depths:3 | Killed Boris
 56734 | Depths:3 | Found a one-way gateway to a ziggurat.
 56735 | Depths:3 | You are sucked into a shaft and drop 1 floor!
 56735 | Depths:4 | Entered Level 4 of the Depths
 56821 | Depths:4 | Reached skill level 10 in Evocations
 56824 | Depths:4 | Found a gate to the Realm of Zot.
 57092 | D:11     | Bought 2 scrolls of teleportation for 84 gold pieces
 57092 | D:11     | Bought a scroll of fog for 56 gold pieces
 57179 | D:11     | Bought a scroll of teleportation for 48 gold pieces
 57179 | D:11     | Bought a scroll of enchant armour for 120 gold pieces
 57245 | D:14     | You paid a toll of 4 scrolls of fog to enter a treasure
                  | trove
 57246 | Trove    | Entered a treasure trove
 57250 | Trove    | Identified the +8 dagger "Draconian's Death" {heavy, Str-2
                  | Dex+8}
 57259 | Trove    | Identified the +5 glaive of Theory {vamp, rC+ Stlth+}
 57260 | Trove    | Identified the +1 spear of War {heavy, rElec rN+}
 57263 | Trove    | Identified the +5 great sword "Zaidapugopt" {antimagic,
                  | rPois}
 57699 | Depths:3 | Reached skill level 10 in Air Magic
 57732 | Depths:3 | Identified the ring "Hiyn" {rPois Dex+3}
 59344 | Hell     | Entered the Vestibule of Hell
 59344 | Hell     | Noticed Geryon
 59362 | Hell     | Reached XP level 25. HP: 224/231 MP: 30/30
 59374 | Hell     | Killed Geryon
 59448 | Hell     | Found a gateway to the freezing wastes of Cocytus.
 59472 | Hell     | Found a gateway to the decaying netherworld of Tartarus.
 59514 | Hell     | Found a gateway to the ashen valley of Gehenna.
 59709 | Hell     | Found a gateway to the Iron City of Dis.
 59833 | Dis:1    | Entered Level 1 of the Iron City of Dis
 61340 | Dis:7    | Entered Level 7 of the Iron City of Dis
 61532 | Dis:7    | Noticed a dread lich
 61540 | Dis:7    | Killed a dread lich
 61825 | Dis:7    | Noticed a juggernaut
 61833 | Dis:7    | Reached XP level 26. HP: 151/239 MP: 30/30
 61833 | Dis:7    | Killed a juggernaut
 61851 | Dis:7    | Identified the +4 sling of Cocytus {drain, ^Contam rPois
                  | Dex+6}
 61864 | Dis:7    | Identified the +6 short sword of Ikufut {drain, Int+3}
 61865 | Dis:7    | Identified the +10 long sword of Fagouwul {freeze, rPois}
 62189 | Dis:7    | Reached skill level 27 in Unarmed Combat
 62390 | Dis:7    | Noticed a dread lich
 62402 | Dis:7    | Killed a dread lich
 63620 | Dis:7    | Noticed a juggernaut
 63626 | Dis:7    | Killed a juggernaut
 63649 | Dis:7    | Noticed Dispater
 63662 | Dis:7    | Killed Dispater
 63675 | Dis:7    | Identified the +10 battleaxe "Waetauxe" {drain, +Blink rF-
                  | rN+++ rCorr}
 63677 | Dis:7    | Got an iron rune of Zot
 63731 | Dis:7    | Identified the +4 morningstar "Qalof" {freeze, rPois Int-4
                  | Dex+3}
 63978 | Tar:1    | Entered Level 1 of Tartarus
 64509 | Tar:2    | Reached XP level 27. HP: 246/246 MP: 28/30
 64568 | Tar:2    | You fall into a shaft and drop 2 floors!
 66261 | Tar:7    | Entered Level 7 of Tartarus
 66262 | Tar:7    | Noticed a dread lich
 66266 | Tar:7    | Killed a dread lich
 66448 | Tar:7    | Noticed an ancient lich
 66453 | Tar:7    | Killed an ancient lich
 66765 | Tar:7    | Noticed the Serpent of Hell
 66778 | Tar:7    | Killed the Serpent of Hell
 66818 | Tar:7    | Noticed an ancient lich
 66829 | Tar:7    | Killed an ancient lich
 67237 | Tar:7    | Noticed Ereshkigal
 67383 | Tar:7    | Found the +3 salamander hide armour {Flames, rFlCloud rF++
                  | rC--}
 67386 | Tar:7    | Identified the ring of the Curious Quests {Ice Int+8 Dex+3}
 67546 | Tar:7    | Got the Almanac of Combined Chilblains
 67738 | Tar:7    | Killed Ereshkigal
 67776 | Tar:7    | Got a bone rune of Zot
 68053 | Coc:1    | Entered Level 1 of Cocytus
 68529 | Coc:2    | Reached skill level 27 in Fighting
 69261 | Coc:5    | Paralysed by a wendigo for 1 turns
 69630 | Coc:6    | Noticed a dread lich
 69647 | Hell     | Killed a dread lich
 70068 | Coc:7    | Entered Level 7 of Cocytus
 70316 | Coc:7    | Paralysed by a wendigo for 1 turns
 70502 | Coc:7    | Paralysed by a wendigo for 1 turns
 70940 | Coc:7    | Noticed Antaeus
 70966 | Coc:7    | Killed Antaeus
 71072 | Coc:7    | Got an icy rune of Zot
 71402 | Coc:7    | Paralysed by a wendigo for 1 turns
 72208 | Geh:1    | Entered Level 1 of Gehenna
 73006 | Geh:4    | Reached skill level 10 in Shields
 73788 | Geh:7    | Entered Level 7 of Gehenna
 74807 | Geh:7    | Found the +13 sceptre of Asmodeus
 74807 | Geh:7    | Noticed Asmodeus
 74817 | Geh:7    | Killed Asmodeus
 74818 | Geh:7    | Reached skill level 15 in Shields
 74839 | Geh:7    | Got an obsidian rune of Zot
 75045 | Depths:1 | Identified the +0 plate armour of Hedonism {Dex+3}
 75202 | Vaults:5 | Entered Level 5 of the Vaults
 75225 | Vaults:5 | Noticed Sojobo
 75371 | Vaults:5 | Killed Sojobo
 75410 | Vaults:5 | Noticed Mennas
 75478 | Vaults:5 | Found the ring of the Octopus King
 75482 | Vaults:5 | Identified the +5 dagger of the Glowing Dragonfly {vamp,
                  | *Rage rC+++ rCorr Str+3}
 75501 | Vaults:5 | Identified a ring of the Octopus King {rC+ HP+2 AC+2 EV+2
                  | SH+2}
 75651 | Vaults:5 | Identified the +3 ring mail of the Dragon {rC+ Str+2 Int+4
                  | Dex+3}
 75720 | Vaults:5 | Noticed a dread lich
 75722 | Vaults:5 | Killed a dread lich
 75993 | Vaults:5 | Identified the ring "Rexilo" {rPois rN+++ Will+ Str-4
                  | Slay-5}
 76133 | Vaults:5 | Got a silver rune of Zot
 76144 | Vaults:5 | Identified the +1 whip of the Wasp {drain, ^Drain +Blink
                  | Will+ rCorr}
 76327 | Vaults:5 | Killed Mennas
 76881 | Depths:1 | Voluntarily entered the Abyss.
 76892 | Abyss:3  | Found a corrupted altar of Lugonu.
 76991 | Abyss:3  | Reached skill level 27 in Dodging
 77014 | Abyss:3  | Got an abyssal rune of Zot
 77161 | Depths:1 | Escaped the Abyss
 77185 | Pan      | Entered Pandemonium
 77221 | Pan      | Noticed Lal Puer the pandemonium lord
 77231 | Pan      | Killed Lal Puer the pandemonium lord
 77243 | Pan      | Found a transporter.
 77574 | Pan      | Noticed Xogoskoz the pandemonium lord
 77580 | Pan      | Killed Xogoskoz the pandemonium lord
 77668 | Pan      | Noticed Dics the pandemonium lord
 77929 | Pan      | Got a demonic rune of Zot
 77980 | Pan      | Noticed Qomout the pandemonium lord
 77986 | Pan      | Killed Qomout the pandemonium lord
 78103 | Pan      | Gained mutation: Your spells are a little easier to cast,
                  | but a little less powerful. [a cacodemon]
 78447 | Pan      | Found an exit through the horrors of the Abyss.
 78790 | Pan      | Found a runed translucent door.
 78836 | Pan      | Reached skill level 15 in Translocations
 78836 | Pan      | Noticed Pusuas the pandemonium lord
 78843 | Pan      | Killed Pusuas the pandemonium lord
 78852 | Depths:1 | Escaped Pandemonium
 78953 | Pan      | Entered Pandemonium
 79392 | Pan      | Noticed Vavolaol the pandemonium lord
 79414 | Pan      | Killed Vavolaol the pandemonium lord
 79441 | Pan      | Found an exit through the horrors of the Abyss.
 79455 | Pan      | Gained mutation: You do not regenerate when monsters are
                  | visible. [a cacodemon]
 79456 | Pan      | Gained mutation: You sometimes lose your temper in combat.
                  | [a cacodemon]
 79465 | Pan      | Reached skill level 15 in Air Magic
 79618 | Pan      | Lost mutation: Your spells are a little easier to cast, but
                  | a little less powerful. [potion of mutation]
 79618 | Pan      | Lost mutation: You have a pair of small horns on your head.
                  | [potion of mutation]
 79618 | Pan      | Lost mutation: You do not regenerate when monsters are
                  | visible. [potion of mutation]
 79618 | Pan      | Gained mutation: Your large and strong wings let you fly.
                  | [potion of mutation]
 79618 | Pan      | Gained mutation: You are strong-willed. (Will+) [potion of
                  | mutation]
 79619 | Pan      | Lost mutation: You sometimes lose your temper in combat.
                  | [potion of mutation]
 79619 | Pan      | Lost mutation: Your large and strong wings let you fly.
                  | [potion of mutation]
 79619 | Pan      | Lost mutation: You are strong-willed. (Will+) [potion of
                  | mutation]
 79619 | Pan      | Gained mutation: You occasionally lose the ability to drink
                  | potions when taking damage. [potion of mutation]
 79619 | Pan      | Gained mutation: You are resistant to electric shocks.
                  | (rElec) [potion of mutation]
 79619 | Pan      | Gained mutation: You are somewhat resistant to further
                  | mutation. [potion of mutation]
 79620 | Pan      | Lost mutation: You are resistant to electric shocks.
                  | (rElec) [potion of mutation]
 79620 | Pan      | Lost mutation: You are somewhat resistant to further
                  | mutation. [potion of mutation]
 79620 | Pan      | Gained mutation: You passively map a small area around you.
                  | [potion of mutation]
 79620 | Pan      | Gained mutation: Your tail ends in a venomous barb. [potion
                  | of mutation]
 79620 | Pan      | Gained mutation: Your system is resistant to poisons.
                  | (rPois) [potion of mutation]
 79621 | Pan      | Lost mutation: You occasionally lose the ability to drink
                  | potions when taking damage. [potion of mutation]
 79621 | Pan      | Lost mutation: Your tail ends in a venomous barb. [potion
                  | of mutation]
 79621 | Pan      | Gained mutation: You have a beak for a mouth. [potion of
                  | mutation]
 79621 | Pan      | Gained mutation: Your tail ends in a venomous barb. [potion
                  | of mutation]
 79685 | Pan      | Noticed Totien the pandemonium lord
 79704 | Pan      | Killed Totien the pandemonium lord
 79967 | Pan      | Noticed Xeigg the pandemonium lord
 79977 | Pan      | Killed Xeigg the pandemonium lord
 80010 | Pan      | Gained mutation: You are clumsy. (Dex -2) [a cacodemon]
 80284 | Pan      | Found an exit through the horrors of the Abyss.
 80613 | Pan      | Reached skill level 15 in Invocations
 80615 | Pan      | Noticed Lappudad the pandemonium lord
 80628 | Pan      | Killed Lappudad the pandemonium lord
 80671 | Pan      | Entered the realm of Cerebov.
 80775 | Pan      | Got the Exposition on Blistering Anemomancy
 80778 | Pan      | Identified the +2 cloak "Tungan" {Harm Dex+3}
 80787 | Pan      | Identified the +10 spear of Amorality {freeze, ^Drain
                  | +Blink rN+++ Int+4}
 80881 | Pan      | Found the +6 sword of Cerebov {flame}
 80881 | Pan      | Noticed Cerebov
 80906 | Pan      | Killed Cerebov
 80954 | Pan      | Identified the +1 robe "Vism" {Will+ Int+2}
 80958 | Pan      | Identified the ring of Twilight {+Blink rCorr Dex+3}
 80984 | Pan      | Got a fiery rune of Zot
 81016 | Pan      | Identified the +1 cloak of the Griffon {rPois Int+4}
 81022 | Pan      | Identified the +5 trident of Wiggis {heavy, rN+ Dex+3}
 81047 | Pan      | Identified the ring of Tilof {rN+ Str+6}
 81122 | Pan      | Identified the +1 robe of Complete Protection {rN+ Will+
                  | Stlth-}
 81179 | Pan      | Entered the realm of Mnoleg.
 81417 | Pan      | Gained mutation: You are very clumsy. (Dex -4) [a neqoxec]
 81462 | Pan      | Noticed Mnoleg
 81471 | Pan      | Found an exit through the horrors of the Abyss.
 81815 | Pan      | Gained mutation: Potions are less effective at restoring
                  | your health. [a cacodemon]
 81830 | Pan      | Killed Mnoleg
 81936 | Pan      | Got a glowing rune of Zot
 82052 | Pan      | Lost mutation: You have a beak for a mouth. [potion of
                  | mutation]
 82052 | Pan      | Lost mutation: Your system is resistant to poisons. (rPois)
                  | [potion of mutation]
 82052 | Pan      | Lost mutation: You are very clumsy. (Dex -4) [potion of
                  | mutation]
 82052 | Pan      | Gained mutation: Your spells are a little harder to cast,
                  | but a little more powerful. [potion of mutation]
 82053 | Pan      | Lost mutation: Your spells are a little harder to cast, but
                  | a little more powerful. [potion of mutation]
 82053 | Pan      | Lost mutation: You passively map a small area around you.
                  | [potion of mutation]
 82053 | Pan      | Gained mutation: Your health recovers twice as slowly from
                  | being drained. [potion of mutation]
 82053 | Pan      | Gained mutation: You have large cloven feet. [potion of
                  | mutation]
 82053 | Pan      | Gained mutation: You have an increased reservoir of magic.
                  | (+10% MP) [potion of mutation]
 82054 | Pan      | Lost mutation: Your health recovers twice as slowly from
                  | being drained. [potion of mutation]
 82054 | Pan      | Lost mutation: Potions are less effective at restoring your
                  | health. [potion of mutation]
 82054 | Pan      | Gained mutation: Your large and strong wings let you fly.
                  | [potion of mutation]
 82054 | Pan      | Gained mutation: Your skin changes colour to match your
                  | surroundings (Stealth+). [potion of mutation]
 82054 | Pan      | Gained mutation: You expend magic power (3 MP) to
                  | strengthen your wands. [potion of mutation]
 82181 | Pan      | Entered the realm of Lom Lobon.
 82398 | Pan      | Noticed Lom Lobon
 82412 | Pan      | Killed Lom Lobon
 82473 | Pan      | Got a magical rune of Zot
 82993 | Pan      | Noticed Umuezab the pandemonium lord
 83048 | Pan      | Killed Umuezab the pandemonium lord
 83277 | Pan      | Entered the realm of Gloorx Vloq.
 83430 | Pan      | Found an exit through the horrors of the Abyss.
 83575 | Pan      | Learned a level 2 spell: Blink
 83584 | Pan      | Reached skill level 1 in Earth Magic
 83712 | Pan      | Reached skill level 5 in Earth Magic
 83742 | Pan      | Noticed Gloorx Vloq
 83748 | Pan      | Killed Gloorx Vloq
 83771 | Pan      | Got a dark rune of Zot
 83882 | Pan      | Took an exit into the Abyss.
 83882 | Abyss:3  | Escaped into the Abyss
 83950 | Depths:1 | Escaped the Abyss
 84188 | Temple   | Entered the Ecumenical Temple
 84682 | Crypt:3  | Identified the +3 leather armour of Farfalle {rC++ Dex-4}
 84688 | Tomb:1   | Entered Level 1 of the Tomb of the Ancients
 84726 | Tomb:1   | Noticed Boris
 84735 | Tomb:1   | Killed Boris
 84847 | Tomb:1   | Noticed a royal mummy
 84854 | Tomb:1   | Killed a royal mummy
 84864 | Tomb:1   | Noticed a royal mummy
 84865 | Tomb:1   | Noticed a royal mummy
 84872 | Tomb:1   | Noticed a royal mummy
 84877 | Tomb:1   | Killed a royal mummy
 84921 | Tomb:1   | Noticed a royal mummy
 84929 | Tomb:1   | Killed a royal mummy
 85059 | Tomb:1   | Noticed a royal mummy
 85068 | Tomb:1   | Killed a royal mummy
 85069 | Tomb:1   | Reached skill level 10 in Earth Magic
 85071 | Tomb:1   | Noticed a royal mummy
 85080 | Tomb:1   | Killed a royal mummy
 85128 | Tomb:1   | Noticed a royal mummy
 85134 | Tomb:1   | Killed a royal mummy
 85134 | Tomb:1   | Noticed a royal mummy
 85145 | Tomb:1   | Killed a royal mummy
 85173 | Tomb:1   | Noticed a royal mummy
 85175 | Tomb:1   | Noticed a royal mummy
 85178 | Tomb:1   | Killed a royal mummy
 85184 | Tomb:1   | Noticed a royal mummy
 85186 | Tomb:1   | Killed a royal mummy
 85192 | Tomb:1   | Killed a royal mummy
 85209 | Tomb:1   | Noticed a royal mummy
 85211 | Tomb:1   | Noticed a royal mummy
 85214 | Tomb:1   | Killed a royal mummy
 85215 | Tomb:1   | Noticed a royal mummy
 85218 | Tomb:1   | Killed a royal mummy
 85222 | Tomb:1   | Killed a royal mummy
 85363 | Tomb:1   | Noticed a royal mummy
 85365 | Tomb:1   | Noticed a royal mummy
 85368 | Tomb:1   | Killed a royal mummy
 85369 | Tomb:1   | Noticed a royal mummy
 85372 | Tomb:1   | Killed a royal mummy
 85375 | Tomb:1   | Killed a royal mummy
 85394 | Tomb:1   | Noticed a royal mummy
 85410 | Tomb:1   | Killed a royal mummy
 85418 | Tomb:1   | Noticed a royal mummy
 85422 | Tomb:1   | Killed a royal mummy
 85673 | Tomb:2   | Noticed Boris
 85674 | Tomb:2   | Noticed a royal mummy
 85674 | Tomb:2   | Noticed a royal mummy
 85674 | Tomb:2   | Noticed a royal mummy
 85676 | Tomb:2   | Noticed a royal mummy
 85686 | Tomb:2   | Killed Boris
 85687 | Tomb:2   | Reached skill level 15 in Evocations
 85689 | Tomb:2   | Killed a royal mummy
 85691 | Tomb:2   | Killed a royal mummy
 85700 | Tomb:2   | Killed a royal mummy
 85703 | Tomb:2   | Killed a royal mummy
 86333 | Tomb:1   | Identified the +5 short sword "Haacvucorr" {holy, Will++
                  | rCorr}
 86408 | Tomb:1   | Killed a royal mummy
 86453 | Tomb:1   | Killed a royal mummy
 87090 | Tomb:3   | Entered Level 3 of the Tomb of the Ancients
 87101 | Tomb:3   | Noticed Boris
 87101 | Tomb:3   | Noticed a royal mummy
 87106 | Tomb:3   | Noticed a royal mummy
 87108 | Tomb:3   | Killed a royal mummy
 87109 | Tomb:3   | Killed Boris
 87114 | Tomb:3   | Noticed a royal mummy
 87118 | Tomb:3   | Noticed a royal mummy
 87126 | Tomb:3   | Killed a royal mummy
 87133 | Tomb:3   | Killed a royal mummy
 87133 | Tomb:3   | Noticed a royal mummy
 87148 | Tomb:3   | Noticed a royal mummy
 87159 | Tomb:3   | Noticed a royal mummy
 87167 | Tomb:3   | Killed a royal mummy
 87170 | Tomb:3   | Killed a royal mummy
 87191 | Tomb:3   | Noticed a royal mummy
 87216 | Tomb:3   | Got a golden rune of Zot
 87400 | Tomb:3   | Killed a royal mummy
 87408 | Tomb:3   | Killed a royal mummy
 87519 | Tomb:3   | Found the +7 Kryia's mail coat {PotionHeal*2 rC+}
 87536 | Tomb:3   | Identified the +10 sling "Beast's Undoing" {heavy, rCorr
                  | Stlth+}
 87566 | Tomb:3   | Noticed a royal mummy
 87573 | Tomb:3   | Killed a royal mummy
 87637 | Tomb:3   | Identified the amulet of Felo {Reflect rN+ Dex+4 SH+5}
 87640 | Tomb:3   | Identified the ring of the Open Hand {Ice ^Contam rPois
                  | Dex+3}
 87676 | Tomb:3   | Killed a royal mummy
 87872 | Tomb:3   | Identified the +6 whip of Conscience {flame, Int+2}
 88628 | Zot:1    | Entered Level 1 of the Realm of Zot
 89001 | Zot:1    | Found a transporter.
 89001 | Zot:1    | Noticed Implojin's ghost (adept AtCj)
 89002 | Zot:1    | Found a transporter.
 89030 | Zot:1    | Killed Implojin's ghost
 89537 | Zot:2    | Noticed a dread lich
 89568 | Zot:2    | Killed a dread lich
 90069 | Zot:5    | Entered Level 5 of the Realm of Zot
 90070 | Zot:5    | Found a broken altar of Ashenzari.
 90263 | Zot:5    | Noticed an orb of fire
 90269 | Zot:5    | Gained mutation: Your body sometimes deteriorates upon
                  | taking damage. [an orb of fire]
 90273 | Zot:5    | Noticed an orb of fire
 90275 | Zot:5    | Killed an orb of fire
 90279 | Zot:5    | Killed an orb of fire
 90279 | Zot:5    | Noticed an ancient lich
 90289 | Zot:5    | Killed an ancient lich
 90290 | Zot:5    | Reached skill level 27 in Shields
 90310 | Zot:5    | Noticed an orb of fire
 90321 | Zot:5    | Noticed an orb of fire
 90323 | Zot:5    | Lost mutation: You are clumsy. (Dex -2) [an orb of fire]
 90328 | Zot:5    | Killed an orb of fire
 90328 | Zot:5    | Gained mutation: You sometimes lose your temper in combat.
                  | [an orb of fire]
 90332 | Zot:5    | Gained mutation: You occasionally lose the ability to drink
                  | potions when taking damage. [an orb of fire]
 90334 | Zot:5    | Killed an orb of fire
 90335 | Zot:5    | Noticed an ancient lich
 90358 | Zot:5    | Noticed a dread lich
 90369 | Zot:5    | Killed an ancient lich
 90376 | Zot:5    | Killed a dread lich
 90419 | Zot:5    | Got the Orb of Zot
 90527 | Zot:4    | Noticed Parghit
 90536 | Zot:4    | Killed Parghit
 90701 | Zot:2    | Noticed Vupti the pandemonium lord
 90710 | Zot:2    | Killed Vupti the pandemonium lord
 90766 | Zot:1    | Noticed Isaagy the pandemonium lord
 90773 | Zot:1    | Killed Isaagy the pandemonium lord
 90885 | Depths:3 | Noticed Boris
 91181 | D:$      | Escaped with the Orb!

Illustrated notes

Levels and vault maps discovered:
D:1:      dpeg_arrival_tiny_i, layout_loops_ring
D:2:      layout_basic, dilly_ecumenical_altar_fadedgnrine
D:3:      layout_basic, mainiacjoe_overflow_brackets, serial_shops,
          nicolae_square_shop, cheibrodos_sewer_entry_drain, uniq_robin
D:4:      layout_cave_pods, mainiacjoe_overflow_paths,
          minmay_temple_entry_overgrown, minmay_manual_moon
D:5:      layout_layer_cave, cheibriados_altar_1, lemuel_tele_altar,
          nicolae_qazlal_general_emergency, mainiacjoe_overflow_cross_hatched,
          mainiacjoe_overflow_surrounded_room, gammafunk_ghost_cemetery,
          mrwooster_statue_mirror
D:6:      layout_basic, serial_shops, nicolae_shop_hallway_stairs,
          shop_fountains, nicolae_shop_peninsula, nicolae_book_shop_shelving,
          serial_bayou, serial_bayou_pond_e, serial_bayou_lagoon_a,
          serial_bayou_pond_a, serial_bayou_shore_a
D:7:      layout_rooms, mainiacjoe_overflow_24_doors,
          mainiacjoe_overflow_tiny_flanked, serial_shops, shop
D:8:      cheibrodos_ideogram_h, layout_rooms, serial_shops, shop,
          nicolae_shop_waterfront, shop, grunt_ministairs_11, uniq_joseph
D:9:      minmay_angry_zag, layout_grid_maze, mainiacjoe_overflow_boulevard,
          lemuel_mausoleum_altar_kikubaaqudgha, uniq_grum, uniq_pikel
D:10:     layout_roguey, orc_0_dummy, lightli_wizard_tower, uniq_fannar
D:11:     minmay_the_grid_octo_tiled_squarecenter_mashed
          [minmay_the_grid_octo_toaster, minmay_the_grid_octo_horde,
          minmay_the_grid_octo_fan_narrow, minmay_the_grid_octo_checkered,
          minmay_the_grid_square_5x5_megaprize_open,
          minmay_the_grid_square_5x5_checkered, minmay_the_grid_square_5x5_comb,
          minmay_the_grid_square_5x5_tie, minmay_the_grid_square_5x5_six],
          layout_basic, dpeg_lair_monsters, serial_shops, nicolae_stop_n_shop_1,
          nicolae_stop_n_shop_2, shop, shop, lemuel_nasty_fountain
D:12:     layout_basic, minmay_circle_x, uniq_jorgrun
D:13:     layout_small_grid, david_vaults_3, billiards_dpeg, uniq_rupert
D:14:     gammafunk_its_a_trap, layout_stronghold, enter_trove_3,
          minmay_misc_feat_tiny, grunt_livestock, elyvilon_altar_4, uniq_nessos,
          uniq_kirke
D:15:     hangedman_depths_entry_civil_slaughter, layout_rooms,
          serial_bayou_pond_e, gammafunk_ghost_cemetery, minmay_crystal_water,
          minmay_shop_grid_forest, monkooky_shop_mail_order, uniq_josephine
Temple:   jpeg_temple_clearing
Lair:1:   layout_long_grid, gammafunk_ghost_cemetery, kennysheep_snail_temple,
          uniq_erica
Lair:2:   layout_cave_pods, cheibrodos_lair_reptile_den, uniq_gastronok
Lair:3:   layout_small_grid, minmay_shoals_entry_lonely_mermaid,
          nicolae_spider_entry_non_spiders, uniq_sonja
Lair:4:   layout_cave_shapes, slime_entry_1, st_stairs_11
Lair:5:   hangedman_lair_tendril_chambers, layout_loops_ring,
          hangedman_lair_caniforms_friends, maelrawn_ghost_gauntlet_escape
Shoals:1: layout_shoals
Shoals:2: layout_shoals, uniq_frances, uniq_ilsuiw, uniq_aizul
Shoals:3: layout_shoals, uniq_polyphemus
Shoals:4: shoals_end_grunt_ice, layout_shoals, shoal_ilsuiw, uniq_mlioglotl
Spider:1: layout_spider_delve
Spider:2: layout_spider_delve, uniq_agnes, uniq_arachne, uniq_donald
Spider:3: layout_spider_delve, portal_ice_cave_entry_ice_statue_one
Spider:4: grunt_spider_rune_circles, nicolae_spider_eight_legs
Slime:1:  layout_caves, nicolae_slime_getting_an_eyeful
Slime:2:  layout_caves
Slime:3:  layout_caves, nicolae_slime_barrier
Slime:4:  cheibrodos_slime_lost_civilization_1, layout_caves, basic_altar
Slime:5:  slime_pit_nicolae_trefoil
Orc:1:    layout_caves, gammafunk_ghost_necromancy,
          nicolae_orc_hostile_takeover, nicolae_orc_rockfall
Orc:2:    grunt_orc_gardens, layout_caves, grunt_orc_garden, grunt_orc_garden,
          grunt_orc_garden, grunt_orc_garden
Elf:1:    elf_arrival_001, layout_loops_corners, minmay_elf_demonology
Elf:2:    nicolae_elf_blades_splatter_lattice [mumra_blade_entry_dagger],
          layout_onion_city, serial_sigils_hangedman_leer
Elf:3:    minmay_elf_hall_spiked, layout_loops_cross
Vaults:1: infiniplex_enter_wizlab_glasses, ontoclasm_vaults_ring_square,
          vaults_room_ringed_pool, grunt_vaults_focal,
          hangedman_vaults_corner_blocks, nicolae_vaults_tetromino_L_2,
          v_alt_pattern_3, nicolae_vaults_more_shelving_2,
          hangedman_vaults_slice, nicolae_vaults_mini_display_case,
          vaults_mumra_minichess_inversion, nicolae_vaults_twisting_passages,
          v_pattern_5, layout_vaults_ring, uniq_asterion, uniq_zenata
Vaults:2: ontoclasm_vaults_ring_large, nicolae_vaults_steering_wheel,
          nicolae_vaults_hallways_thing, dpeg_vaults_waves, v_pattern_4,
          nicolae_vaults_stairing_the_circle, vaults_mumra_hex,
          nicolae_vaults_closet_pinwheel_6, nicolae_vaults_surprise_closet,
          nicolae_vaults_offset_grid_hallway_2, layout_vaults_omnibox, uniq_mara
Vaults:3: st_spiral_rooms, v_rooms_6, nicolae_vaults_network_s,
          layout_vaults_omnigrid, dummy_crypt_entry, serial_shops, shop,
          nicolae_shop_trees, nicolae_shop_window_shopping,
          nicolae_shop_tiny_real_fake_doors, shop
Vaults:4: nicolae_vaults_whirlpool_walls, nicolae_vaults_three_branches,
          nicolae_vaults_little_squares_4, nicolae_vaults_little_squares_2,
          hangedman_vaults_capsules, nicolae_vaults_offset_grid_hallway_2,
          nicolae_vaults_big_ls, nicolae_vaults_ninety_degrees,
          nicolae_vaults_hexular_roomagon, vaults_standard_mumra_x,
          layout_vaults_big_cross
Vaults:5: serial_shops, uniq_sojobo, uniq_mennas
Crypt:1:  layout_gridlike, nicolae_crypt_small_crypt, grunt_megastairs_4,
          uniq_bai_suzhen, uniq_margery
Crypt:2:  layout_basic, hangedman_crypt_dual_shrines, uniq_xtahua, uniq_grunn,
          uniq_frederick
Crypt:3:  quadcrypt_mu, uniq_boris
Tomb:1
Tomb:2
Tomb:3
Depths:1: layout_cross, hangedman_tar_grid_catacomb,
          gammafunk_ghost_tricky_traps, abyss_entry, pan_entry,
          grunt_decor_one_mirror, nicolae_dithmenos_the_darkroom, uniq_norris
Depths:2: giant_chief_lemuel, layout_cave_pools, pf_dread_powers_of_hell,
          serial_co_window_serial, co_window_paths_a, co_window_paths_a,
          co_window_paths_a, co_window_paths_b, co_window_paths_a,
          co_window_of_opportunity_a, co_window_of_opportunity_a,
          co_window_corner_b, co_window_cross_3, co_window_broadway_c,
          co_window_unsneaky_path_c, co_window_corner_b, glass_columns_b,
          glass_columns_b, pan_entry, abyss_entry
Depths:3: regret_index_malice_mire, layout_small_grid, enter_ziggurat_d,
          hell_entry, abyss_entry, nicolae_triple_integral
Depths:4: evilmike_zot_entry_hall, layout_cave_shapes, serial_bayou_ford_a,
          pf_coc_iceberg
Hell
Dis:1:    layout_gridville
Dis:2:    layout_jigsaw
Dis:3:    layout_gridville
Dis:4:    layout_subdivisions, serial_glass, glass_columns_a, glass_columns_c,
          glass_columns_a, glass_columns_a, glass_columns_b, glass_columns_c,
          glass_columns_b, glass_columns_c
Dis:5:    layout_overlapping_boxes
Dis:6:    layout_overlapping_boxes, nrook_loot_triangle
Dis:7:    dis_st
Geh:1:    layout_gehenna_lava_caves
Geh:2:    layout_gehenna_lava_caves
Geh:3:    layout_gehenna_lava_caves
Geh:4:    nicolae_hells_demon_pit, layout_gehenna_pools_basic
Geh:5:    layout_gehenna_lava_caves
Geh:6:    layout_gehenna_lava_caves
Geh:7:    geh_grunt
Coc:1:    layout_ice_bergs
Coc:2:    layout_cocytus_water_paths
Coc:3:    layout_cocytus_water_paths
Coc:4:    nicolae_coc_on_the_berg
Coc:5:    layout_ice_bergs
Coc:6:    layout_cocytus_water_paths
Coc:7:    coc_grunt_cove [coc_grunt_cove_antaeus, coc_grunt_cove_fiend,
          coc_grunt_cove_fiend, coc_grunt_cove_fiend, coc_grunt_cove_fiend]
Tar:1:    layout_grid_maze
Tar:2:    layout_catacombs, lemuel_nasty_pond
Tar:3:    layout_grid_maze
Tar:4:    layout_catacombs
Tar:5:    layout_catacombs, nicolae_tar_four_comb_rooms
Tar:6:    layout_grid_maze
Tar:7:    tar_old
Zot:1:    layout_cathedral_of_symmetry, gammafunk_ghost_arena
Zot:2:    hangedman_zot_vaults_quadrants, layout_onion_interference,
          regret_index_zotdec_slimy_original
Zot:3:    layout_cellular_growth, hangedman_zot_gyre, nicolae_tricolors
Zot:4:    hellmonk_paralyzer, layout_onion, uniq_parghit
Zot:5:    layout_gridlike, regret_index_zotdec_zees

Skill      XL: |  1  2  3  4  5  6  7  8  9 10 11 12 13 14 15 16 17 18 19 20 21 22 23 24 25 26 27 |
---------------+----------------------------------------------------------------------------------+-----
Unarmed Combat | 4 5 7 8 9 10 12 13 15 17 20 23 26 27 | 27.0
Fighting       | 11 15 16 17 20 27 | 27.0
Shapeshifting  | 5 9 10 12 14 15 18 21 23 25 27 | 27.0
Invocations    | 5 10 24 | 24.5
Evocations     | 5 7 10 15 | 15.0
Dodging        | 6 10 13 15 19 27 | 27.0
Shields        | 5 27 | 27.0
Translocations | 7 10 11 12 15 | 15.0
Air Magic      | 5 6 10 15 | 15.0
Earth Magic    | 10 | 10.0

Action                     |  1- 3 |  4- 6 |  7- 9 | 10-12 | 13-15 | 16-18 | 19-21 | 22-24 | 25-27 || total
---------------------------+-------+-------+-------+-------+-------+-------+-------+-------+-------++-------
  Melee: Unarmed           |   101 |   165 |   307 |   683 |  1329 |  1367 |   954 |  1205 |  4572 || 10683
         Tailslap          |    17 |    13 |    49 |   140 |   301 |   268 |    23 |   154 |   487 ||  1452
         Punch             |     3 |     4 |     7 |     4 |       |    26 |    76 |    79 |   507 ||   706
         Constrict         |       |       |       |       |     4 |    10 |       |       |       ||    14
         Maw               |       |       |       |       |       |   515 |    59 |       |       ||   574
         Headbutt          |       |       |       |       |       |       |       |   171 |   443 ||   614
         Kick              |       |       |       |       |       |       |       |       |   219 ||   219
  Throw: Dart              |       |       |    40 |     3 |       |       |       |       |       ||    43
   Cast: Manifold Assault  |       |       |       |       |       |       |       |     3 |     8 ||    11
         Vhi's Electric Ch |       |       |       |       |       |       |       |     1 |   136 ||   137
         Passage of Golubr |       |       |       |       |       |       |       |       |     3 ||     3
 Invoke: Upheaval          |       |       |       |     1 |     1 |     8 |       |       |     7 ||    17
         Disaster Area     |       |       |       |       |     4 |     7 |     4 |     2 |    26 ||    43
         Elemental Force   |       |       |       |       |       |     5 |     1 |     1 |     9 ||    16
Ability: Blinkbolt         |       |       |       |       |       |       |    68 |    32 |   116 ||   216
  Evoke: Wand              |       |       |       |     3 |       |    10 |       |     3 |    18 ||    34
         Phial of floods   |       |       |       |     1 |       |     2 |       |       |       ||     3
         Tin of tremorston |       |       |       |       |       |     5 |       |     2 |       ||     7
         Box of beasts     |       |       |       |       |       |     3 |       |     1 |       ||     4
         Phantom mirror    |       |       |       |       |       |     2 |     1 |       |       ||     3
         Horn of Geryon    |       |       |       |       |       |       |       |       |     1 ||     1
    Use: Potion            |       |     3 |     2 |     1 |     1 |    16 |    15 |     2 |    59 ||    99
         Scroll            |       |     5 |     7 |     6 |    20 |     4 |    19 |     6 |    26 ||    93
   Stab: Sleeping          |     1 |       |       |       |       |       |       |       |       ||     1
         Paralysed         |       |       |       |     2 |       |     1 |       |       |     2 ||     5
         Petrified         |       |       |       |       |       |     8 |       |       |       ||     8
         Distracted        |       |       |       |       |       |       |     1 |       |     1 ||     2
         Invisible         |       |       |       |       |       |       |       |       |    29 ||    29
 Armour: Skin              |    49 |   110 |   199 |   306 |   593 |   749 |   284 |   574 |  2161 ||  5025
  Dodge: Dodged            |    60 |    99 |   154 |   488 |  1389 |  1097 |   903 |   959 |  4497 ||  9646
         Repelled          |       |       |       |     4 |    17 |    23 |    19 |    12 |    61 ||   136
  Block: Other             |       |       |     7 |   116 |   469 |    99 |   152 |   127 |   593 ||  1563
         Buckler           |       |       |       |       |       |   888 |   111 |   481 |  1600 ||  3080
         Reflection        |       |       |       |       |       |    31 |     4 |    22 |    69 ||   126
         Kite shield       |       |       |       |       |       |       |       |       |   478 ||   478
   Form: Flux              |       |       |       |     2 |     3 |     1 |       |       |       ||     6
         Serpent           |       |       |       |     1 |     2 |     1 |       |       |       ||     4
                           |       |       |       |       |     1 |       |     1 |     1 |       ||     3
         Maw               |       |       |       |       |       |     3 |     1 |       |       ||     4
         Storm             |       |       |       |       |       |       |     4 |     2 |     4 ||    10
         Statue            |       |       |       |       |       |       |     1 |     1 |     4 ||     6
